 Dungeon Crawl Stone Soup version 0.30-a0-118-ga018f8e90f (webtiles) character file.

Game seed: 496588346203201126

6242 blackman the Demolition Ant (level 11, -6/92 HPs)
             Began as a Formicid Fighter on Sept 14, 2022.
             Was an Elder of Makhleb.
             Mangled by a komodo dragon (22 damage)
             ... on level 8 of the Dungeon.
             The game lasted 00:18:24 (10530 turns).

blackman the Demolition Ant (Formicid Fighter)     Turns: 10530, Time: 00:18:25

Health: -6/92      AC: 13    Str: 26    XL:     11   Next: 15%
Magic:  20/20      EV:  8    Int:  7    God:    Makhleb [****..]
Gold:   1720       SH:  9    Dex: 13    Spells: 10/10 levels left

rFire   + + .      SeeInvis +    s - +4 club (spect)
rCold   . . .      Faith    .    M - +0 kite shield
rNeg    . . .      Spirit   .    f - +0 fire dragon scales
rPois   .          Reflect  .    (helmet unavailable)
rElec   .          Harm     .    y - +0 cloak
rCorr   .          Rampage  .    u - +0 pair of gloves
Will    +....                    (no boots)
Stlth   ..........               (no amulet)
HPRegen 0.25/turn                E - ring of flight
MPRegen 0.17/turn                (no ring)

@: flying, unable to read
A: permanent stasis, dig shafts and tunnels, antennae 3, four strong arms,
iridescent scales 1, cold resistance 1, inability to read after injury 1
a: Dig, Shaft Self, Renounce Religion, Minor Destruction, Lesser Servant of
Makhleb, Major Destruction


You were on level 8 of the Dungeon.
You worshipped Makhleb.
Makhleb was greatly pleased with you.
You visited 1 branch of the dungeon, and saw 10 of its levels.
You also visited: Bailey.

You collected 1720 gold pieces.

Inventory:

Hand Weapons
 a - a +0 war axe
 l - the +5 spear of Mourning {freeze, rPois}
   (You found it on level 2 of the Dungeon)

   It freezes those it strikes, dealing additional cold damage.
   It can also slow down cold-blooded creatures.
   rPois:     It protects you from poison.
 s - a +4 spectral club (weapon)
 K - a +0 vorpal morningstar
Missiles
 j - 17 poisoned darts
 Q - a throwing net
Armour
 b - a +0 scale mail
 c - a +0 buckler
 f - +0 fire dragon scales (worn)
 o - a +0 chain mail
 u - a +0 pair of gloves (worn)
 y - a +0 cloak (worn)
 M - a +0 kite shield (worn)
Jewellery
 B - a ring of fire
 E - a ring of flight (left hand)
Wands
 r - a wand of digging (6)
 H - a wand of flame (35)
 O - a wand of iceblast (3)
Scrolls
 g - a scroll of magic mapping
 h - a scroll of vulnerability {unknown}
 i - a scroll of torment
 m - a scroll of blinking
 n - 4 scrolls of poison
 q - a scroll of butterflies
 w - a scroll of teleportation
 x - 2 scrolls of amnesia
 z - 5 scrolls of fear
 C - a scroll of noise {unknown}
 D - 2 scrolls of brand weapon {unknown}
 F - a scroll of identify
 G - a scroll of summoning {unknown}
 I - 3 scrolls of enchant weapon
 N - a scroll of enchant armour {unknown}
Potions
 d - 2 potions of might
 e - 2 potions of haste {unknown}
 k - 5 potions of mutation
 p - a potion of magic
 t - a potion of lignification {unknown}
 v - a potion of attraction {unknown}
 A - a potion of berserk rage {unknown}
 J - a potion of resistance
 L - 2 potions of cancellation {unknown}
 P - a potion of ambrosia {unknown}
 R - a potion of curing {unknown}


   Skills:
 * Level 10.3 Fighting
 - Level 9.1 Axes
 - Level 3.2 Armour
 - Level 4.0 Shields
 - Level 12.1 Invocations


You had 10 spell levels left.
You didn't know any spells.
Your spell library contained the following spells:

 Spells                   Type           Power      Damage    Failure   Level
 Necrotise                Necr           0%         1d4       96%         1
 Sting                    Tmut/Pois      0%         1d3       96%         1
 Summon Small Mammal      Summ           0%         N/A       96%         1
 Sublimation of Blood     Necr           0%         N/A       99%         2
 Wereblood                Tmut           0%         N/A       99%         2
 Call Canine Familiar     Summ           0%         N/A       100%        3
 Ignite Poison            Fire/Tmut/Pois 0%         N/A       100%        3
 Summon Guardian Golem    Hex/Summ       0%         N/A       100%        3
 Vampiric Draining        Necr           0%         2d6       100%        3
 Summon Lightning Spire   Summ/Air       0%         N/A       100%        4
 Agony                    Necr           0%         N/A       100%        5
 Arcjolt                  Conj/Air       0%         1d10      100%        5
 Orb of Destruction       Conj           0%         9d5       100%        7
 Spellforged Servitor     Conj/Summ      0%         N/A       100%        7
 Summon Hydra             Summ           0%         N/A       100%        7


Dungeon Overview and Level Annotations

Branches:
Dungeon (10/15)            Temple (0/1) D:5          Bailey (visited)
   Lair: D:8-11         Orc: D:9-12

Altars:
Cheibriados
Dithmenos
Gozag
Kikubaaqudgha
Makhleb
Nemelex Xobeh
Vehumet
Wu Jian
Yredelemnul

Annotations:
D:6 3 runed translucent doors, PyroL's ghost, novice SpEn
D:10 1 runed translucent door


Innate Abilities, Weirdness & Mutations

You cannot be hasted, slowed, berserked, paralysed or teleported.
You can dig through walls and to a lower floor.
You have a pair of large antennae on your head. (SInv)
Your four strong arms can wield two-handed weapons with a shield.
You are partially covered in iridescent scales. (AC +2)
Your flesh is cold resistant. (rC+)
You occasionally lose the ability to read scrolls when taking damage.


Message History

You closely miss the wyvern.
The wyvern is almost dead.
Your +4 spectral club hits the wyvern.
You kill the wyvern!
Makhleb accepts your kill.
You feel better.
The acid dragon misses your +4 spectral club.
The acid dragon claws your +4 spectral club.
Your spectral weapon shares its damage with you!
You hit the acid dragon but do no damage.
The acid dragon is severely wounded.
Your +4 spectral club hits the acid dragon.
The acid dragon spits acid at your +4 spectral club.
The splash of acid hits your +4 spectral club!
Your spectral weapon shares its damage with you!
You closely miss the acid dragon.
The acid dragon is severely wounded.
Your +4 spectral club hits the acid dragon.
The acid dragon spits acid at you. The splash of acid hits you!
You feel threatened and lose the ability to read scrolls!
* * * LOW HITPOINT WARNING * * *
You barely miss the acid dragon.
The acid dragon is almost dead.
Your +4 spectral club hits the acid dragon.
The acid dragon bites your +4 spectral club but does no damage.
The acid dragon closely misses your +4 spectral club.
You hit the acid dragon.
You kill the acid dragon!
Makhleb accepts your kill.
You feel better.
Aiming: Major Destruction (1% risk of failure)
Press: ? - help, Shift-Dir - straight line, f - komodo dragon
Aim: a komodo dragon You hear a mighty clap of thunder!
The bolt of lightning hits the komodo dragon!
The komodo dragon is moderately wounded.
You hear an angry hiss.
The komodo dragon bites you!!
You die...

# ... # ....# ### ####
......###.## ###...
#.....l@...###
####..###
..#.#........###.....#
#..#.##...†......###
## #. ####.#######
#############
###################
............#
#.#.......#..##.#
####..#.#
#.##.####>#..#...
#.....#.#
#................
#.###.#.#
#########.####...


You could see a komodo dragon.

Vanquished Creatures
  A troll (D:8)
  A wraith (D:7)
  A wyvern (D:8)
  3 spriggans (Bailey)
  2 basilisks
  A yak (D:10)
  A steam dragon (Bailey)
  Menkaure (D:5)
  An acid dragon (D:8)
  A water moccasin (D:4)
  A black bear (D:5)
  3 ice beasts
  A sky beast (D:7)
  2 orc warriors (D:7)
  7 ogres
  2 phantoms (D:6)
  4 bullfrogs
  A gnoll sergeant (D:7)
  4 necrophages
  A scorpion (D:7)
  4 wights (D:7)
  6 killer bees (D:8)
  2 hounds
  2 jellies
  5 orc priests
  2 iguanas
  Ijyb (D:3)
  8 orc wizards
  3 adders
  A gnoll (D:7)
  A shadow imp (D:7)
  2 worms
  4 dart slugs
  26 orcs
  4 ball pythons
  5 endoplasms
  3 giant cockroaches
  9 goblins
  10 hobgoblins
  3 jackals (D:3)
  4 quokkas
  5 bats
  7 kobolds
  4 rats
160 creatures vanquished.

Vanquished Creatures (collateral kills)
  A two-headed ogre (Bailey)
  A shadow (D:10)
  A sky beast (D:8)
  A kobold brigand (D:8)
  A bullfrog (D:7)
  2 wights
  A howler monkey (D:8)
  A gnoll bouda (D:8)
  5 gnolls
14 creatures vanquished.

Vanquished Creatures (others)
  A fungus (D:1)
  A plant (D:1)
2 creatures vanquished.

Grand Total: 176 creatures vanquished

Notes
Turn   | Place    | Note
-------+----------+-------------------------------------------
     0 | D:1      | blackman the Formicid Fighter began the quest for the Orb.
     0 | D:1      | Reached XP level 1. HP: 18/18 MP: 1/1
    95 | D:1      | Reached XP level 2. HP: 19/24 MP: 2/2
   113 | D:1      | Found a faded altar of an unknown god.
   130 | D:1      | Prayed at the altar of an unknown god.
   130 | D:1      | Became a worshipper of Makhleb the Destroyer
   130 | D:1      | Reached * piety under Makhleb
   701 | D:2      | Identified the +5 spear of Mourning {freeze, rPois}
   766 | D:2      | Reached XP level 3. HP: 29/29 MP: 3/3
   948 | D:2      | Reached ** piety under Makhleb
  1023 | D:2      | Reached XP level 4. HP: 35/35 MP: 4/4
  1341 | D:3      | Found a shadowy altar of Dithmenos.
  1472 | D:3      | Found a basalt altar of Yredelemnul.
  1502 | D:3      | Reached XP level 5. HP: 13/41 MP: 5/5
  1508 | D:3      | Reached skill level 5 in Axes
  1795 | D:3      | Identified the +3 spear of Koces {drain, Dex+3}
  1924 | D:3      | Noticed Ijyb
  1948 | D:3      | Killed Ijyb
  1952 | D:3      | Reached XP level 6. HP: 40/47 MP: 6/6
  2326 | D:4      | Noticed a water moccasin
  2334 | D:4      | Killed a water moccasin
  2335 | D:4      | Reached XP level 7. HP: 43/52 MP: 7/7
  2573 | D:4      | Found an ornate altar of the Wu Jian Council.
  3054 | D:5      | Entered Level 5 of the Dungeon
  3075 | D:5      | Reached *** piety under Makhleb
  3185 | D:5      | Found a staircase to the Ecumenical Temple.
  3205 | D:5      | Noticed Menkaure
  3213 | D:5      | Killed Menkaure
  3840 | D:5      | Reached XP level 8. HP: 33/58 MP: 8/8
  4022 | D:5      | Identified a scroll of acquirement
  4029 | D:5      | Acquired 1115 gold pieces
  4233 | D:5      | Found an ancient bone altar of Kikubaaqudgha.
  4905 | D:6      | Reached skill level 1 in Invocations
  5063 | D:6      | Reached skill level 3 in Invocations
  5220 | D:6      | Reached skill level 4 in Invocations
  5411 | D:6      | Reached skill level 5 in Invocations
  5459 | D:6      | Noticed PyroL's ghost (novice SpEn)
  5487 | D:6      | Found a runed translucent gate.
  5487 | D:6      | Found a runed translucent gate.
  5487 | D:6      | Found a runed translucent gate.
  5899 | D:7      | Reached skill level 6 in Invocations
  5906 | D:7      | Reached XP level 9. HP: 11/64 MP: 13/13
  6102 | D:7      | Found a flagged portal.
  6116 | Bailey   | Entered a bailey
  6187 | Bailey   | Reached skill level 7 in Invocations
  6233 | Bailey   | Reached skill level 8 in Invocations
  6239 | Bailey   | Reached skill level 9 in Invocations
  6280 | Bailey   | Noticed a two-headed ogre
  6287 | Bailey   | Killed a two-headed ogre
  6288 | Bailey   | Reached skill level 11 in Invocations
  6288 | Bailey   | Reached XP level 10. HP: 20/70 MP: 16/18
  6832 | Bailey   | Reached skill level 12 in Invocations
  7265 | Bailey   | Identified the quicksilver dragon scales of Tartarus {Harm
                  | rPois Will+ Int-4 SInv}
  7358 | D:7      | Reached skill level 5 in Fighting
  7395 | D:7      | Got the Excursus on Intoxication and the Storm
  8696 | D:7      | Found a sparkling altar of Nemelex Xobeh.
  8834 | D:7      | You are sucked into a shaft and drop 3 floors!
  8834 | D:10     | Entered Level 10 of the Dungeon
  8853 | D:10     | Found a radiant altar of Vehumet.
  8893 | D:9      | Noticed a kobold demonologist
  9131 | D:10     | Found a runed translucent door.
  9196 | D:9      | Found an opulent altar of Gozag.
  9197 | D:9      | Found a snail-covered altar of Cheibriados.
  9385 | D:8      | Reached XP level 11. HP: 45/89 MP: 20/20
  9394 | D:8      | Reached **** piety under Makhleb
  9791 | D:8      | Gained mutation: You occasionally lose the ability to read
                  | scrolls when taking damage. [potion of mutation]
  9791 | D:8      | Gained mutation: Your flesh is cold resistant. (rC+)
                  | [potion of mutation]
  9791 | D:8      | Gained mutation: You are partially covered in iridescent
                  | scales. (AC +2) [potion of mutation]
 10509 | D:8      | Reached skill level 10 in Fighting
 10530 | D:8      | Mangled by a komodo dragon

Illustrated notes

Levels and vault maps discovered:
D:1:      dpeg_arrival_triangle_fractal, layout_rooms,
          shapermc_ecumenical_altar_acropolis
D:2:      kennysheep_six_static_rooms, layout_basic
D:3:      layout_basic, lemuel_tele_altar, grunt_dithmenos_smoke_and_mirrors,
          uniq_ijyb
D:4:      layout_cave_pods, mainiacjoe_overflow_tiny_flanked,
          kennysheep_generic_room_12
D:5:      layout_rooms, lemuel_round_altar, minmay_temple_entry_statues,
          uniq_menkaure
D:6:      layout_loops_corners, gammafunk_ghost_icy
D:7:      wad_crossroads, layout_rooms, nemelex_dance_club_becter,
          enter_bailey_3
D:8:      minmay_evil_eye, layout_loops_ring, erik_lair_dragon
D:9:      layout_roguey [special_room_kobold], grunt_temple_overflow_open,
          roderic_batcave, solitary_fountain, uniq_harold
D:10:     gammafunk_mikee_crab_dinner, layout_loops_ring, vehumet_altar_wand_db,
          kennysheep_orc_monster_closet_entryway, lemuel_flame_loot_1

Skill      XL: |  1  2  3  4  5  6  7  8  9 10 11 |
---------------+----------------------------------+-----
Axes           | 3 4 5 7 8 9 |  9.1
Invocations    | 6 11 12 | 12.1
Fighting       | 9 10 | 10.3
Armour         | |  3.2
Shields        | |  4.0

Action                   |  1- 3 |  4- 6 |  7- 9 | 10-12 || total
-------------------------+-------+-------+-------+-------++-------
Melee: War axe           |    39 |       |       |       ||    39
       Spear             |    38 |    95 |       |       ||   133
       Club              |       |    20 |   128 |   204 ||   352
Throw: Dart              |       |     2 |       |       ||     2
Invok: Minor Destruction |       |       |    24 |    19 ||    43
       Lesser Servant of |       |       |     1 |     4 ||     5
       Major Destruction |       |       |       |     1 ||     1
 Abil: Dig               |       |       |       |     1 ||     1
  Use: Potion            |       |     1 |     2 |     4 ||     7
       Scroll            |       |       |    13 |       ||    13
 Stab: Distracted        |       |       |     1 |     1 ||     2
Armor: Scale mail        |    12 |       |       |       ||    12
       Chain mail        |     8 |    62 |    17 |       ||    87
       Fire dragon scale |       |       |    27 |    96 ||   123
Dodge: Dodged            |    34 |    29 |    52 |    76 ||   191
Block: Buckler           |    12 |    10 |    29 |    21 ||    72
       Kite shield       |       |       |       |    63 ||    63

Table legend: (Time is in decaauts)
 A = Elapsed time spent in this place.
 B = Non-inter-level travel time spent in this place.
 C = Inter-level travel time spent in this place.
 D = Time resting spent in this place.
 E = Time spent auto-exploring this place.
 F = Levels seen in this place.
 G = Mean time per level.
                   A        B        C        D        E       F      G
               +--------+--------+--------+--------+--------+-----+--------+
         Total |  10577 |  10362 |    215 |   3253 |   5638 |  11 |  961.5 |
       Dungeon |   9379 |   9164 |    215 |   2346 |   5474 |  10 |  937.9 |
        Bailey |   1197 |   1197 |      0 |    907 |    164 |   1 | 1197.0 |
               +--------+--------+--------+--------+--------+-----+--------+

Top non-repeatable levels by time:
     D:7: 1811 daAuts
     D:6: 1391 daAuts
     D:8: 1300 daAuts
     D:5: 1208 daAuts
  Bailey: 1197 daAuts
     D:4: 1014 daAuts
     D:3: 975 daAuts
     D:1: 646 daAuts
     D:2: 621 daAuts
    D:10: 354 daAuts
     D:9: 55 daAuts
